 Dungeon Crawl Stone Soup version 0.21-a0-404-g291f19a (webtiles) character file.

5262 JimmyStorm the Cleaver (level 10, -17/76 HPs)
             Began as a Human Berserker on Oct 27, 2017.
             Was an Elder of Trog.
             Demolished by an ogre
             ... wielding a +0 giant club
              (25 damage)
             ... on level 9 of the Dungeon on Oct 29, 2017.
             The game lasted 01:36:42 (10493 turns).

JimmyStorm the Cleaver (Human Berserker)           Turns: 10493, Time: 01:36:43

Health: -17/76     AC:  7    Str: 25    XL:     10   Next: 93%
Magic:  9/10       EV: 10    Int:  7    God:    Trog [****..]
Gold:   348        SH:  8    Dex: 14    Spells: 9/9 levels left

rFire    + + .     SeeInvis +   y - +6 long sword "Sefoh" {flame, rPois rF++ rC+ SInv}
rCold    + . .     Gourm    .   C - +0 shield
rNeg     + . .     Faith    .   F - +0 ring mail of Juidgh {+Blink rPois MR- Stlth+}
rPois    +         Spirit   .   (helmet restricted)
rElec    .         Reflect  .   I - +0 cloak
rCorr    .         Harm     .   (no gloves)
MR       .....                  (no boots)
Stlth    ++........             (no amulet)
HPRegen  0.22/turn              f - ring of positive energy
MPRegen  0.12/turn              (no ring)

@: mighty, berserk cooldown
A: beak
a: Berserk, Trog's Hand, Brothers in Arms, Burn Spellbooks, Renounce Religion,
Evoke Blink


You were on level 9 of the Dungeon.
You worshipped Trog.
Trog was greatly pleased with you.
You were not hungry.

You visited 1 branch of the dungeon, and saw 10 of its levels.

You collected 456 gold pieces.
You spent 108 gold pieces at shops.

Inventory:

Hand Weapons
 e - a +2 hand axe of flaming
 m - a +1 short sword of venom
 v - a +1 flail of protection
 y - the +6 long sword "Sefoh" (weapon) {flame, rPois rF++ rC+ SInv}
   (You found it on level 8 of the Dungeon)

   It has been specially enchanted to burn those struck by it, causing extra
   injury to most foes and up to half again as much damage against particularly
   susceptible opponents.
   Big, fiery blades are also staple armaments of hydra-hunters.
   It greatly protects you from fire.
   It protects you from cold.
   It protects you from poison.
   It lets you see invisible.
 D - a +4 dagger of speed
 H - a +2 dagger of draining
Armour
 a - the +1 ring mail of Brilliance {rF+ MR+}
   (You found it on level 5 of the Dungeon)

   It protects you from fire.
   It affects your resistance to hostile enchantments.
 b - a +0 animal skin
 d - a +0 scale mail
 C - a +0 shield (worn)
 F - the +0 ring mail of Juidgh (worn) {+Blink rPois MR- Stlth+}
   (You found it on level 8 of the Dungeon)

   It protects you from poison.
   It affects your resistance to hostile enchantments.
   It lets you blink.
   It makes you more stealthy.
 I - a +0 cloak (worn)
Jewellery
 f - a ring of positive energy (left hand)
 q - a +4 ring of dexterity {unknown}
Wands
 x - a wand of flame (32/48)
 B - a wand of clouds (1/9)
Scrolls
 i - a scroll of fog
 r - a scroll of immolation
 t - 2 scrolls of recharging
 A - a scroll of enchant armour {unknown}
 E - a scroll of fear
 G - a scroll of identify
Potions
 j - 2 potions of might
 k - a potion of flight {unknown}
 l - a potion of brilliance {unknown}
 o - 5 potions of curing
 p - 2 potions of invisibility {unknown}
 s - a potion of agility {unknown}
 z - a potion of lignification {unknown}
 K - a potion of magic {unknown}
Comestibles
 c - 6 bread rations
 g - 6 royal jellies
 h - 4 meat rations
 n - 6 fruits
 J - 4 chunks of flesh


   Skills:
 + Level 5.9 Fighting
 + Level 5.6 Long Blades
 - Level 9.8(10.0) Axes
 - Level 3.3(7.1) Maces & Flails
 - Level 3.3 Throwing
 - Level 7.1 Armour
 + Level 4.4 Dodging
 - Level 1.1 Stealth
 + Level 1.0 Shields


You had 9 spell levels left.
You didn't know any spells.

Dungeon Overview and Level Annotations

Branches:
Dungeon (10/15)            Temple (0/1) D:6
   Lair: D:8-11         Orc: D:9-12

Altars:
Ashenzari
Cheibriados
Hepliaklqana
Kikubaaqudgha
Nemelex Xobeh
Okawaru
Qazlal
Sif Muna
Trog
Uskayaw
Xom
Zin
The Shining One

Shops:
D:5 [


Innate Abilities, Weirdness & Mutations

You have a beak for a mouth.


Message History

The yak gores you but does no damage. You block the bullfrog's attack.
The orc misses you.
You slice the yak!! You burn the yak!
You kill the yak!
Trog accepts your kill. The bullfrog closely misses you.
You riposte.
You slash the bullfrog! You burn the bullfrog.
You kill the bullfrog!
Trog accepts your kill.
Your Shields skill increases to level 1!
The orc wizard casts a spell at you. The magic dart hits you!
* * * LOW HITPOINT WARNING * * *
The orc closely misses you.
You riposte.
You slash the orc! You burn the orc.
You kill the orc!
Trog accepts your kill. You block the sky beast's attack.
The orc wizard hits you but does no damage.
You fail to use your ability.
The ogre hits you with a giant club!!
You die...

..... .## .....
#.. #
.....###..#.#
........#.#.# #
............#.#
.............###
............##.#
.......@Y.....# ##
......oO).....###.
.................#
.................
###.............#
####.........)..#
####.........)))#
####..........#(##
#............#(##


You could see a sky beast (invisible), an ogre and an orc wizard.

Vanquished Creatures
  The ghost of RebelPilot31 the Poker, a novice MiFi of Okawaru (D:6)
  The ghost of Gealt the Magician, a novice SpCj of Vehumet (D:5)
  6 yaks
  A human (D:7)
  3 hogs (D:7)
  A hungry ghost (D:7)
  A water moccasin (D:7)
  2 phantoms
  2 sky beasts
  An orc warrior (D:8)
  2 black bears
  A necrophage (D:7)
  4 ogres
  A centaur (D:7)
  6 bullfrogs
  A scorpion (D:5)
  A water moccasin zombie (D:7)
  4 wights (D:7)
  A howler monkey (D:4)
  2 hounds
  2 jellies (D:8)
  2 orc priests
  A centaur skeleton (D:5)
  7 orc wizards
  A bullfrog skeleton (D:8)
  4 iguanas
  5 worker ants
  A hound zombie (D:4)
  A howler monkey zombie (D:7)
  A worker ant zombie (D:7)
  8 adders
  A howler monkey skeleton (D:6)
  A river rat (D:3)
  3 shadow imps
  An adder zombie (D:7)
  3 worms
  3 adder skeletons
  4 dart slugs
  8 leopard geckos
  22 orcs
  2 ball pythons (D:1)
  4 giant cockroaches
  15 goblins
  11 hobgoblins
  6 jackals
  6 kobolds
  3 quokkas
  9 bats
  8 frilled lizards
  A quokka skeleton (D:6)
  2 quokka zombies (D:7)
  7 rats
195 creatures vanquished.

Vanquished Creatures (collateral kills)
  Maurice (D:8)
  A centaur (D:8)
  2 jackals (D:6)
4 creatures vanquished.

Grand Total: 199 creatures vanquished

Notes
Turn   | Place    | Note
-------+----------+-------------------------------------------
     0 | D:1      | JimmyStorm the Human Berserker began the quest for the Orb.
     0 | D:1      | Reached XP level 1. HP: 18/18 MP: 1/1
   188 | D:1      | Reached XP level 2. HP: 22/24 MP: 2/2
   722 | D:1      | Reached ** piety under Trog
   722 | D:1      | Reached XP level 3. HP: 29/29 MP: 3/3
  1288 | D:2      | Found a deep blue altar of Sif Muna.
  1939 | D:2      | Reached XP level 4. HP: 36/36 MP: 4/4
  2090 | D:3      | Reached skill level 1 in Axes
  2176 | D:3      | Found a stormy altar of Qazlal.
  2361 | D:3      | Reached skill level 2 in Axes
  2361 | D:3      | Reached XP level 5. HP: 35/42 MP: 5/5
  2470 | D:3      | Found an iron altar of Okawaru.
  2728 | D:3      | Reached skill level 3 in Axes
  3317 | D:2      | Found a shattered altar of Ashenzari.
  3424 | D:2      | Reached XP level 6. HP: 48/48 MP: 6/6
  3440 | D:2      | Reached *** piety under Trog
  4037 | D:5      | Entered Level 5 of the Dungeon
  5045 | D:5      | Noticed an ogre
  5051 | D:5      | Killed an ogre
  5051 | D:5      | Reached skill level 4 in Axes
  5051 | D:5      | Reached skill level 1 in Throwing
  5051 | D:5      | Reached XP level 7. HP: 53/53 MP: 7/7
  5102 | D:5      | Gained mutation: You tend to lose your temper in combat. [potion of mutation]
  5102 | D:5      | Lost mutation: You tend to lose your temper in combat. [potion of mutation]
  5102 | D:5      | Gained mutation: You have a beak for a mouth. [potion of mutation]
  5192 | D:5      | Noticed Gealt's ghost (novice SpCj)
  5245 | D:5      | Reached **** piety under Trog
  5264 | D:5      | Found Jimuohum's Antique Armour Shoppe.
  5443 | D:5      | Got a steaming ring mail
  5454 | D:5      | Identified the +1 ring mail of Brilliance {rF+ MR+} (You found it on level 5 of the Dungeon)
  5559 | D:5      | Killed Gealt's ghost
  5559 | D:5      | Reached skill level 5 in Axes
  5559 | D:5      | Reached XP level 8. HP: 60/60 MP: 8/8
  5631 | D:5      | Reached skill level 6 in Axes
  5749 | D:5      | Reached skill level 5 in Armour
  6171 | D:5      | Found a shimmering altar of Xom.
  6358 | D:6      | Noticed RebelPilot31's ghost (novice MiFi)
  6367 | D:6      | Killed RebelPilot31's ghost
  6367 | D:6      | Reached skill level 7 in Axes
  6367 | D:6      | Reached XP level 9. HP: 66/66 MP: 9/9
  6958 | D:6      | Found a staircase to the Ecumenical Temple.
  7121 | D:6      | Found a shimmering altar of Xom.
  7122 | D:6      | Found a hazy altar of Hepliaklqana.
  7122 | D:6      | Noticed a Killer Klown
  7123 | D:6      | Noticed a spectral ugly thing
  7123 | D:6      | Noticed a Killer Klown
  7290 | D:7      | Reached skill level 5 in Fighting
  7385 | D:7      | Reached skill level 8 in Axes
  7532 | D:7      | Found an ancient bone altar of Kikubaaqudgha.
  7994 | D:7      | Reached skill level 9 in Axes
  7994 | D:7      | Reached XP level 10. HP: 73/73 MP: 10/10
  8259 | D:7      | Reached skill level 1 in Stealth
  8286 | D:7      | Found a sparkling altar of Nemelex Xobeh.
  9199 | D:8      | Got a smoking long sword
  9203 | D:8      | Identified the +6 long sword "Sefoh" {flame, rPois rF++ rC+ SInv} (You found it on level 8 of the Dungeon)
  9302 | D:8      | Found a hide-covered altar of Uskayaw.
  9304 | D:8      | Found a bloodstained altar of Trog.
  9306 | D:8      | Found a snail-covered altar of Cheibriados.
  9311 | D:8      | Reached skill level 1 in Long Blades
  9457 | D:8      | Reached ***** piety under Trog
  9490 | D:8      | Got a shimmering ring mail
  9501 | D:8      | Identified the cursed +0 ring mail of Juidgh {+Blink rPois MR- Stlth+} (You found it on level 8 of the Dungeon)
  9562 | D:8      | Found a glowing silver altar of Zin.
  9563 | D:8      | Found a glowing golden altar of the Shining One.
  9707 | D:8      | Noticed Maurice
  9719 | D:8      | Killed Maurice
 10072 | D:5      | Bought a shield for 108 gold pieces
 10299 | D:9      | Noticed a two-headed ogre
 10372 | D:10     | Entered Level 10 of the Dungeon
 10474 | D:9      | Reached skill level 5 in Long Blades
 10492 | D:9      | Reached skill level 1 in Shields
 10493 | D:9      | Demolished by an ogre

Vault maps used:
D:1:      lemuel_arrival_behind_the_door_small
D:2:      led_sif_pool, first_bread, st_stairs_7, nicolae_ashenzari_panopticon
D:3:      overflow_temple_1_default, old_standard_altar, gup_sewer_entry_bowl
D:4:      minmay_goblin_kobold_house
D:5:      serial_shops, shop_statue, xom_teletrap_fun
D:6:      regret_index_temple_of_mockery, temple_doors_cd
D:7:      kiku_gazebo_pond_becter, lemuel_crystal_altar, grunt_livestock
D:8:      minitemple, grunt_temple_overflow_open, uniq_maurice
D:9:      basic_altar
D:10:     erik_lair_island, uniq_harold

Skill      XL: |  1  2  3  4  5  6  7  8  9 10 |
---------------+-------------------------------+-----
Axes           | 2 3 4 5 7 9 |  9.8
Armour         | 3 4 6 7 |  7.1
Throwing       | 1 2 3 |  3.3
Dodging        | 3 4 |  4.4
Fighting       | 4 5 |  5.9
Stealth        | 1 |  1.1
Long Blades    | 5 |  5.6
Shields        | 1 |  1.0
Maces & Flails | |  3.3

Action                   |  1- 3 |  4- 6 |  7- 9 | 10-12 || total
-------------------------+-------+-------+-------+-------++-------
Melee: Mace              |   130 |       |       |       ||   130
       Hand axe          |    14 |   206 |   202 |    50 ||   472
       Peck              |       |       |    44 |    27 ||    71
       Long sword        |       |       |       |    61 ||    61
Throw: Tomahawk          |       |    25 |    20 |     8 ||    53
Invok: Berserk           |     1 |     5 |     5 |     2 ||    13
       Trog's Hand       |       |       |     3 |     2 ||     5
       Brothers in Arms  |       |       |     1 |     1 ||     2
 Abil: Evoke Blink       |       |       |       |     3 ||     3
  Use: Scroll            |     2 |     6 |     8 |     1 ||    17
       Potion            |     2 |       |     3 |     7 ||    12
 Stab: Sleeping          |     1 |       |       |     2 ||     3
  Eat: Chunk             |     4 |     8 |     7 |     1 ||    20
       Bread ration      |       |     1 |     2 |     1 ||     4
       Meat ration       |       |     1 |     1 |       ||     2
       Royal jelly       |       |       |     1 |       ||     1
Armor: Animal skin       |    28 |       |       |       ||    28
       Scale mail        |       |    77 |     7 |       ||    84
       Ring mail         |       |       |    30 |    48 ||    78
Dodge: Dodged            |   104 |   109 |    86 |    86 ||   385
Block: Shield            |       |       |       |    30 ||    30
       Rpst.: Long sword |       |       |       |    24 ||    24

Table legend:
 A = Spawn XP
 B = Non-spawn XP
 C = Spawn XP percentage of total XP
 D = Spawn monster count
 E = Non-spawn monster count
 F = Spawn count percentage of total count
 G = Total turns spent on level
                    A         B        C        D         E        F      G
               +---------+---------+-------+---------+---------+-------+---------
         Total |       0 |    7518 |   0.0 |       0 |     199 |   0.0 | 10493
               +---------+---------+-------+---------+---------+-------+---------
           D:1 |       0 |      41 |   0.0 |       0 |      24 |   0.0 |  1243
           D:2 |       0 |      78 |   0.0 |       0 |      25 |   0.0 |  1594
           D:3 |       0 |     183 |   0.0 |       0 |      32 |   0.0 |  1168
           D:4 |       0 |     176 |   0.0 |       0 |      18 |   0.0 |  1020
           D:5 |       0 |    1177 |   0.0 |       0 |      22 |   0.0 |  1686
           D:6 |       0 |     754 |   0.0 |       0 |      11 |   0.0 |   662
           D:7 |       0 |    2350 |   0.0 |       0 |      30 |   0.0 |  1948
           D:8 |       0 |    1288 |   0.0 |       0 |      22 |   0.0 |   948
           D:9 |       0 |    1471 |   0.0 |       0 |      15 |   0.0 |   222
               +---------+---------+-------+---------+---------+-------+---------
